 Dungeon Crawl Stone Soup version 0.25.0-10-g039870ee82 (webtiles) character file.

Game seed: 13629719885636423064

11717 Froggeryz the Grappler (level 11, -1/69 HPs)
             Began as a Gargoyle Transmuter on June 22, 2020.
             Was a High Priest of Okawaru.
             Slain by a minotaur
             ... wielding the +7 mace of Variability {chain chaos}
              (5 damage)
             ... in a Gauntlet on June 23, 2020.
             The game lasted 00:27:06 (14280 turns).

Froggeryz the Grappler (Gargoyle Transmuter)       Turns: 14280, Time: 00:27:06

Health: -1/69      AC: 24    Str: 15      XL:     11   Next: 82%
Magic:  18/23      EV: 11    Int: 17 (20) God:    Okawaru [*****.]
Gold:   730        SH:  0    Dex: 10      Spells: 9/14 levels left

rFire    . . .     SeeInvis +     - Unarmed
rCold    + . .     Gourm    .   (no shield)
rNeg     + . .     Faith    .   g - +3 scale mail {rC+}
rPois    ∞         Spirit   .   (no helmet)
rElec    +         Reflect  .   f - +2 cloak {Stlth+}
rCorr    .         Harm     .   m - +1 pair of gloves of Hid Hies {Int+4 SInv}
MR       +....     NoTele   +   (no boots)
Stlth    ..........             E - amulet of the acrobat
HPRegen  0.21/turn              D - ring of magical power
MPRegen  0.18/turn              o - ring of protection from magic

@: finesse
A: negative energy resistance 1, electricity resistance, unbreathing,
petrification resistance, rot immunity, AC +8
a: Heroism, Finesse, Renounce Religion


You were in a Gauntlet.
You worshipped Okawaru.
Okawaru was extremely pleased with you.
You were not hungry.

You visited 3 branches of the dungeon, and saw 16 of its levels.
You also visited: Gauntlet.

You collected 730 gold pieces.

Inventory:

Missiles
 a - 239 arrows
Armour
 c - a +2 leather armour of fire resistance
 f - a +2 cloak of stealth (worn)
 g - a +3 scale mail of cold resistance (worn)
 m - the +1 pair of gloves of Hid Hies (worn) {Int+4 SInv}
   (You found it in a Gauntlet)

   It affects your intelligence (+4).
   It lets you see invisible.
 H - the +2 ratskin cloak {+Rats rPois rN+ Str-1 Int-1 Dex+1}
   (You found it on level 7 of the Dungeon)

   It affects your strength (-1).
   It affects your intelligence (-1).
   It affects your dexterity (+1).
   It protects you from poison.
   It protects you from negative energy.
 J - a +0 kite shield
Jewellery
 h - an uncursed ring of see invisible
 i - an uncursed ring of fire
 o - a ring of protection from magic (right hand)
 y - an uncursed amulet of faith
 D - a ring of magical power (left hand)
 E - an amulet of the acrobat (around neck)
Wands
 b - a wand of disintegration (18)
 t - a wand of polymorph (1)
 x - a wand of flame (10)
 I - a wand of paralysis (1)
 L - a wand of acid (8)
Scrolls
 l - 2 scrolls of immolation {unknown}
 r - a scroll of fog {unknown}
 s - a scroll of teleportation
 v - 2 scrolls of amnesia
 w - a scroll of enchant armour
 B - a scroll of enchant weapon {unknown}
 C - a scroll of blinking {unknown}
 G - a scroll of random uselessness {unknown}
 K - a scroll of remove curse
Potions
 e - 2 potions of curing
 j - 2 potions of brilliance
 k - a potion of might {unknown}
 n - 2 potions of lignification
 p - a potion of degeneration
 q - 2 potions of stabbing
 u - a potion of flight
 z - 4 potions of mutation
 A - a potion of ambrosia
 F - 2 potions of resistance
Comestibles
 d - 19 rations


   Skills:
 + Level 8.8 Fighting
 - Level 6.4 Armour
 - Level 4.2 Dodging
 * Level 14.4 Unarmed Combat
 - Level 2.0 Spellcasting
 - Level 1.5 Transmutations


You had 9 spell levels left.
You knew the following spells:

 Your Spells              Type           Power        Failure   Level  Hunger
a - Blade Hands           Tmut           #.........   100%        5    ######.

Your spell library contained the following spells:

 Spells                   Type           Power        Failure   Level  Hunger
 Beastly Appendage        Tmut           #.....       34%         1    #......
 Sticks to Snakes         Tmut           #.......     47%         2    ###....
 Animate Skeleton         Necr           N/A          54%         1    #......
 Apportation              Tloc           #.....       54%         1    #......
 Corona                   Hex            #......      54%         1    #......
 Freeze                   Ice            #...         54%         1    #......
 Summon Small Mammal      Summ           #...         54%         1    #......
 Call Imp                 Summ           #.......     69%         2    ###....
 Spider Form              Tmut/Pois      #.........   82%         3    ###....
 Call Canine Familiar     Summ           #.......     89%         3    ###....
 Frozen Ramparts          Ice            #.....       89%         3    ###....
 Ozocubu's Armour         Chrm/Ice       #.......     89%         3    ###....
 Summon Guardian Golem    Hex/Summ       #.......     89%         3    ###....
 Ice Form                 Ice/Tmut       #.......     99%         4    #####..
 Hailstorm                Conj/Ice       #.......     100%        4    #####..
 Summon Ice Beast         Ice/Summ       #.......     100%        4    #####..
 Summon Lightning Spire   Summ/Air       #.......     100%        4    #####..


Dungeon Overview and Level Annotations

Branches:
Dungeon (13/15)            Temple (1/1) D:7            Lair (2/6) D:9
 Shoals (0/4) Lair:2        Snake (0/4) Lair:2          Orc (0/2) D:11
Gauntlet (1/1)
 Vaults: D:13-14

Altars:
Ashenzari
Cheibriados
Dithmenos
Elyvilon
Fedhas
Gozag
Hepliaklqana
Kikubaaqudgha
Makhleb
Nemelex Xobeh
Okawaru
Qazlal
Ru
Sif Muna
Trog
Uskayaw
Vehumet
Wu Jian
Xom
Yredelemnul
Zin
The Shining One

Shops:
D:12 (

Annotations:
D:8 3 runed translucent doors, gwenloh's ghost, novice MfSu Gauntlet 6 transporters, 3 runed translucent doors


Innate Abilities, Weirdness & Mutations

You are resistant to torment.
Your stone body is resilient. (AC +8)
You are immune to poison.
You resist negative energy. (rN+)
You are resistant to electric shocks. (rElec)
You can survive without breathing.
You are immune to petrification.
You are immune to rotting.


Message History

Okay, then.
Okay, then.
Unknown command.
Okay, then.
Unknown command.
Okay, then.
Okay, then.
Unknown command.
You fail to use your ability.
You can now deal lightning-fast blows.
The minotaur hits you but does no damage.
The minotaur gores you but does no damage.
You hit the minotaur but do no damage.
The minotaur is moderately wounded.
You hit the minotaur but do no damage.
The minotaur is moderately wounded.
The minotaur hits you with the +7 mace of Variability {chain chaos}!
* * * LOW HITPOINT WARNING * * *
The minotaur burns you.
You die...

#≈..............∩...........#
##...................§§§...§≈
##≈#≈#≈#§#≈########≈#§#≈#≈##
###########.©..©.#########
######......##
#..............
#..............
##.#.#######.#. # #(@..# #
#H##.# .... .. #.#..# ##
#.#..# # ...# #8.# ####


You could see a minotaur (corroded).

Vanquished Creatures
  A cacodemon (Gauntlet)
  2 two-headed ogres (D:8)
  An unseen horror (D:11)
  A manticore (D:12)
  2 spiny frogs (Lair:1)
  A komodo dragon (Lair:1)
  A polar bear (Lair:2)
  3 hippogriffs
  A wyvern (D:12)
  Eustachio (D:4)
  A redback simulacrum (Gauntlet)
  2 wargs (D:11)
  Menkaure (D:7)
  4 vampire mosquitoes (D:12)
  3 neqoxecs (Gauntlet)
  2 water moccasins
  3 small abominations (Gauntlet)
  2 necrophages
  2 orc warriors
  An ice beast (D:7)
  3 ogres
  2 phantoms (D:8)
  3 centaurs
  2 crocodiles
  6 bullfrogs
  2 wyvern zombies
  A gnoll sergeant (D:9)
  2 wyvern skeletons
  A hornet simulacrum (Gauntlet)
  A water moccasin zombie (D:7)
  7 killer bees
  A wight (D:11)
  9 electric eels (D:7)
  4 howler monkeys
  2 crimson imps
  A quasit (D:12)
  7 orc priests
  A bullfrog zombie (D:6)
  A centaur skeleton (D:4)
  A gnoll shaman (D:9)
  6 hounds
  5 jellies
  10 orc wizards
  Crazy Yiuf (D:2)
  4 bullfrog skeletons
  3 iguanas
  Terence (D:2)
  A hell rat (D:7)
  3 worker ants
  2 bullfrog simulacra (Gauntlet)
  3 hound skeletons
  A hound zombie (D:6)
  25 gnolls
  6 river rats (D:7)
  10 adders
  3 shadow imps
  6 oozes
  An adder skeleton (D:9)
  4 worms
  2 dart slugs
  4 leopard geckos
  27 orcs
  7 bats
  3 giant cockroaches
  14 goblins
  14 hobgoblins
  6 quokkas
  6 ball pythons
  8 frilled lizards
  7 kobolds
  A quokka skeleton (D:4)
  26 rats
312 creatures vanquished.

Vanquished Creatures (others)
  13 demonic plants (Gauntlet)
  10 fungi (D:12)
  A plant (D:12)
24 creatures vanquished.

Grand Total: 336 creatures vanquished

Notes
Turn   | Place    | Note
-------+----------+-------------------------------------------
     0 | D:1      | Froggeryz the Gargoyle Transmuter began the quest for the
                  | Orb.
     0 | D:1      | Reached XP level 1. HP: 12/12 MP: 3/3
   232 | D:1      | Reached XP level 2. HP: 2/16 MP: 5/5
   778 | D:1      | Reached skill level 4 in Unarmed Combat
   789 | D:1      | Reached XP level 3. HP: 15/20 MP: 6/6
  1848 | D:2      | Reached XP level 4. HP: 18/25 MP: 7/7
  1888 | D:2      | Reached skill level 5 in Unarmed Combat
  1965 | D:2      | Noticed Terence
  1994 | D:2      | Killed Terence
  2323 | D:2      | Reached XP level 5. HP: 29/29 MP: 8/8
  2536 | D:2      | Found a runed translucent door.
  2537 | D:2      | Noticed Crazy Yiuf
  2627 | D:2      | Killed Crazy Yiuf
  2627 | D:2      | Reached skill level 1 in Armour
  2892 | D:3      | Reached skill level 6 in Unarmed Combat
  3018 | D:3      | Found a sparkling altar of Nemelex Xobeh.
  3122 | D:3      | Reached XP level 6. HP: 34/34 MP: 9/9
  3791 | D:4      | Reached skill level 7 in Unarmed Combat
  3791 | D:4      | Reached XP level 7. HP: 32/38 MP: 10/10
  4084 | D:5      | Entered Level 5 of the Dungeon
  4590 | D:5      | Found a bloodstained altar of Trog.
  4867 | D:5      | Noticed Eustachio
  4885 | D:5      | Reached skill level 8 in Unarmed Combat
  5079 | D:4      | Reached XP level 8. HP: 40/43 MP: 11/11
  5359 | D:4      | Killed Eustachio
  5435 | D:5      | Reached skill level 5 in Armour
  5793 | D:6      | Reached skill level 9 in Unarmed Combat
  5831 | D:7      | Noticed Menkaure
  6544 | D:6      | Reached XP level 9. HP: 46/47 MP: 12/12
  6597 | D:6      | Reached skill level 10 in Unarmed Combat
  6907 | D:7      | Killed Menkaure
  7125 | D:7      | Got a polished scale mail
  7126 | D:7      | Identified the +3 scale mail "Arphur" {Harm Int-5 Dex-3
                  | SInv} (You found it on level 7 of the Dungeon)
  7141 | D:7      | Found a blossoming altar of Fedhas.
  7311 | D:7      | Reached skill level 11 in Unarmed Combat
  7500 | D:7      | Found a staircase to the Ecumenical Temple.
  7513 | Temple   | Entered the Ecumenical Temple
  7570 | Temple   | Became a worshipper of Warmaster Okawaru
  7911 | D:7      | Found the +2 ratskin cloak {+Rats rPois rN+ Str-1 Int-1
                  | Dex+1}
  8215 | D:8      | HP: 2/52 [wyvern skeleton (10)]
  8438 | D:8      | Noticed a two-headed ogre
  8447 | D:8      | Killed a two-headed ogre
  8447 | D:8      | Reached * piety under Okawaru
  8447 | D:8      | Reached skill level 5 in Fighting
  8447 | D:8      | Reached skill level 12 in Unarmed Combat
  8447 | D:8      | Reached XP level 10. HP: 38/59 MP: 13/13
  9272 | D:8      | Found a runed translucent gate.
  9272 | D:8      | Found a runed translucent gate.
  9272 | D:8      | Found a runed translucent gate.
  9272 | D:8      | Noticed gwenloh's ghost (novice MfSu)
  9285 | D:8      | Noticed a two-headed ogre
  9693 | D:8      | Killed a two-headed ogre
  9693 | D:8      | Reached ** piety under Okawaru
 10590 | D:9      | Reached skill level 13 in Unarmed Combat
 10711 | D:9      | Learned a level 5 spell: Blade Hands
 10718 | D:9      | Found a staircase to the Lair.
 10817 | D:9      | You fall into a shaft and drop 3 floors!
 10824 | D:12     | Found Cid Mableo's Antique Weapon Shop.
 10868 | D:12     | Reached XP level 11. HP: 36/67 MP: 14/14
 10872 | D:12     | Reached *** piety under Okawaru
 10901 | D:12     | HP: 3/67 [wolf spider zombie (4)]
 11096 | D:12     | Noticed a manticore
 11233 | D:12     | Killed a manticore
 11540 | D:11     | Noticed an unseen horror
 11550 | D:11     | Killed an unseen horror
 11599 | D:11     | Found a staircase to the Orcish Mines.
 11817 | D:10     | Entered Level 10 of the Dungeon
 12186 | Lair:1   | Entered Level 1 of the Lair of Beasts
 12500 | Lair:1   | Reached **** piety under Okawaru
 13447 | Lair:2   | Found a staircase to the Snake Pit.
 13477 | Lair:2   | Reached skill level 14 in Unarmed Combat
 13494 | Lair:2   | Found a gate leading to a gauntlet.
 13510 | Gauntlet | Entered a Gauntlet
 13510 | Gauntlet | Found a transporter.
 13510 | Gauntlet | Found a transporter.
 13510 | Gauntlet | Found a transporter.
 13531 | Gauntlet | Found a transporter.
 13541 | Gauntlet | Found a transporter.
 13544 | Gauntlet | Found a transporter.
 13553 | Gauntlet | Noticed a cacodemon
 13558 | Gauntlet | Found a transporter.
 13570 | Gauntlet | Noticed a death scarab
 13573 | Gauntlet | Found a transporter.
 13579 | Gauntlet | Noticed a death scarab
 13585 | Gauntlet | Noticed a spectral death yak
 13587 | Gauntlet | Found a transporter.
 13590 | Gauntlet | Found a transporter.
 13594 | Gauntlet | Found a runed translucent door.
 13598 | Gauntlet | Found a transporter.
 13601 | Gauntlet | Found a transporter.
 13625 | Gauntlet | Found a runed translucent door.
 13633 | Gauntlet | Found a runed translucent door.
 14022 | Gauntlet | Killed a cacodemon
 14022 | Gauntlet | Received a gift from Okawaru
 14022 | Gauntlet | Reached ***** piety under Okawaru
 14042 | Gauntlet | Got a pair of polished gloves
 14048 | Gauntlet | Identified the +1 pair of gloves of Hid Hies {Int+4 SInv}
                  | (You found it in a Gauntlet)
 14267 | Gauntlet | Noticed a minotaur
 14280 | Gauntlet | Slain by a minotaur

Illustrated notes

Levels and vault maps discovered:
D:1:      sevenhm_arrival_forest_fort_large_4, layout_loops_ring,
          minmay_misc_feat_rugged, chequers_big_river, minmay_hexomino_c4
D:2:      layout_loops_ring, first_ration, uniq_crazy_yiuf_cottage, uniq_terence
D:3:      layout_loops_ring, nemelex_xobeh_ov_fountains_minmay
D:4:      layout_basic
D:5:      layout_loops_cross, chequers_arboretum, trog_hazing_becter,
          uniq_eustachio
D:6:      layout_cave_pools
D:7:      wander_guarded_unrand_ratskin, layout_rooms,
          minmay_temple_entry_large_hall, serial_bayou, serial_bayou_ford_a,
          serial_bayou_pond_a, serial_bayou_pond_d, serial_bayou_lake_a,
          fedhas_altar_1, uniq_menkaure
D:8:      layout_gridville, gammafunk_ghost_spectres,
          hangedman_little_slice_of_home, minmay_crystal_room
D:9:      layout_basic, lair_entry_dummy, enter_bailey_3
D:10:     layout_basic, uniq_sonja, uniq_josephine
D:11:     layout_roguey, erik_orc_4, feat_on_display
D:12:     old_forge, layout_loops_cross, serial_shops,
          nicolae_shop_overgrown_old_shop, nicolae_trove_entry_crystal,
          hangedman_decor_riveting
D:13:     layout_rooms, serial_park_tiny_1
Temple:   compressed_dpeg_circular_temple
Lair:1:   layout_roguey, grunt_megastairs_4
Lair:2:   layout_gridlike, minmay_shoals_entry_lonely_mermaid,
          dummy_snake_entry, gauntlet_entry_generic,
          chequers_serial_rivers_room_b, minmay_lair_oklob_chamber
Gauntlet: minmay_gauntlet_mixed_big_or_small [nicolae_gauntlet_arena_x,
          minmay_gauntlet_arena_77_path, gammafunk_gauntlet_arena_mazey,
          minmay_gauntlet_arena_77_shame_cube,
          gammafunk_gauntlet_arena_arrow_garden, minmay_gauntlet_arena_77_box,
          nicolae_gauntlet_exit_dead_adventurers]

Skill      XL: |  1  2  3  4  5  6  7  8  9 10 11 |
---------------+----------------------------------+-----
Unarmed Combat | 4 5 6 7 8 9 12 13 14 | 14.4
Armour         | 1 3 4 6 |  6.4
Fighting       | 5 7 8 |  8.8
Dodging        | 3 4 |  4.2
Spellcasting   | |  2.0
Transmutations | |  1.5

Action                   |  1- 3 |  4- 6 |  7- 9 | 10-12 || total
-------------------------+-------+-------+-------+-------++-------
Melee: Unarmed           |   164 |   303 |   542 |   535 ||  1544
       Punch             |     1 |     3 |    10 |    19 ||    33
Invok: Heroism           |       |       |       |     2 ||     2
       Finesse           |       |       |       |     1 ||     1
Evoke: Wand              |       |     3 |    26 |    13 ||    42
  Use: Scroll            |       |     5 |     5 |    14 ||    24
       Potion            |       |     1 |     2 |     4 ||     7
 Stab: Paralysed         |       |       |       |     4 ||     4
  Eat: Chunk             |     3 |     7 |    15 |    10 ||    35
       Ration            |       |       |       |     3 ||     3
Armor: Robe              |    15 |       |       |       ||    15
       Leather armour    |    18 |    19 |       |       ||    37
       Scale mail        |       |   195 |   549 |   392 ||  1136
Dodge: Dodged            |    82 |   143 |   388 |   308 ||   921
